AoeStats
← wildmeister

Arabia

509167052Analyzed
3v3 RM · 7d ago on Sep 25, 2026· 48m 14s· 6 players
Game mode
Random Map
Map size
Normal (6 player)
Population
200
Speed
Normal
Resources
Standard
Victory
Conquest
Starting age
Dark Age
Ending age
Imperial Age
RankedLock teamsTeams togetherTeam positionsShared explorationLock speedFull tech treeHidden civsTurbo modeCheats
Victory
Defeat
🇩🇪 Vietnamese · Germany
999
+12
🇩🇪 Lithuanians · Germany
999
+12
🇩🇪 Bohemians · Germany
760
+22
🇫🇷 Mongols · France
1000
-59
🇬🇧 Sicilians · United Kingdom
882
-14
🇩🇪 Danes · Germany
853
-13
Arminius
10:31 Feudal Age
9:17 Loom
12:41 Wheelbarrow
11:53 Double-Bit Axe
11:53 Horse Collar
16:53 Fletching
18:06 Gold Mining
23:39 Castle Age
21:57 Padded Archer Armor
23:59 Elite Skirmisher
25:26 Bow Saw
25:23 Heavy Plow
25:43 Hand Cart
26:03 Bodkin Arrow
26:24 Leather Archer Armor
28:08 Scale Mail Armor
28:22 Forging
28:41 Gold Mining
29:29 Crossbowman
30:30 Chain Mail Armor
30:50 Iron Casting
30:22 Squires
32:04 Ballistics
31:16 Crossbowman
32:01 Thumb Ring
32:20 Pikeman
36:34 Imperial Age
36:04 Crossbowman
36:49 Thumb Ring
36:40 Elite Fire Lancer
36:50 Crossbowman
37:35 Arbalester
40:01 Two-Man Saw
40:04 Bracer
40:24 Imperial Skirmisher
42:30 Chemistry
41:52 Stone Mining
42:19 Town Watch
42:25 Town Watch
43:29 Elite Fire Lancer
44:44 Ring Archer Armor
46:06 Plate Mail Armor
wildmeister
12:54 Feudal Age
14:10 Wheelbarrow
14:52 Double-Bit Axe
14:50 Horse Collar
19:27 Forging
23:25 Castle Age
25:40 Town Watch
28:46 Iron Casting
28:02 Fletching
28:17 Scale Mail Armor
30:14 Hand Cart
38:29 Heavy Plow
45:28 Imperial Age
46:47 Elite Hussite Wagon
48:42 Chemistry
Pacmac
7:14 Loom
11:09 Feudal Age
11:54 Horse Collar
12:01 Double-Bit Axe
20:24 Castle Age
19:16 Scale Barding Armor
19:56 Scale Mail Armor
21:22 Husbandry
21:26 Light Cavalry
22:35 Heavy Plow
23:27 Bloodlines
23:50 Chain Mail Armor
23:49 Forging
26:54 Bow Saw
31:44 Wheelbarrow
35:41 Chain Barding Armor
35:57 Iron Casting
40:28 Imperial Age
38:14 Hand Cart
37:45 Town Watch
38:47 Elite Skirmisher
41:33 Imperial Skirmisher
42:21 Thumb Ring
41:39 Pikeman
42:19 Squires
42:06 Arson
42:00 Winged Hussar
42:01 Cavalier
43:01 Elite Leitis
44:02 Conscription
43:44 Tower Shields
44:56 Capped Ram
45:58 Halberdier
46:13 Man-at-Arms
46:59 Paladin
47:35 Long Swordsman
Tonton Loul3417
10:05 Feudal Age
13:44 Double-Bit Axe
14:40 Fletching
19:16 Wheelbarrow
m
6:33 Loom
10:25 Feudal Age
11:16 Double-Bit Axe
11:13 Horse Collar
17:17 Forging
17:09 Scale Mail Armor
18:53 Gold Mining
24:09 Castle Age
23:51 Fletching
24:11 Pikeman
36:12 Husbandry
36:23 Bloodlines
37:09 Scale Barding Armor
40:22 Stone Mining
43:47 Imperial Age
43:18 Squires
43:45 Padded Archer Armor
45:40 Wheelbarrow
47:35 Arson
47:36 Gambesons
Sir Leonhart
5:40 Loom
13:21 Feudal Age
19:26 Castle Age
18:31 Double-Bit Axe
18:31 Horse Collar
18:44 Gold Mining
18:47 Stone Mining
23:43 Gambesons
24:01 Squires
23:53 Arson
24:18 Scale Mail Armor
24:28 Forging
28:02 Wheelbarrow
34:35 Imperial Age
34:34 Chain Mail Armor
35:54 Iron Casting
36:16 Capped Ram
38:07 Elite Varangian Guard
42:28 Plate Mail Armor
45:24 Conscription
45:32 Fletching
46:55 Hamask
Connection lost

Rejoining the realm…

Still unreachable

The connection could not be restored.

Session expired

The server has moved on; the page needs a fresh start.